 Dungeon Crawl Stone Soup version 0.28.0 (webtiles) character file.

Game seed: 12458854612475962264

67 SnakkuSnakku7 the Chucker (level 4, 0/32 HPs)
             Began as a Merfolk Arcane Marksman on Feb 12, 2022.
             Succumbed to an adder's poison
             ... on level 2 of the Dungeon.
             The game lasted 00:02:00 (1769 turns).

SnakkuSnakku7 the Chucker (Merfolk Arcane Marksman) Turns: 1769, Time: 00:02:00

Health: 0/32       AC:  2    Str: 12    XL:     4   Next: 16%
Magic:  5/5        EV: 12    Int: 12    God:
Gold:   0          SH:  0    Dex: 14    Spells: 4/5 levels left

rFire   + . .      SeeInvis .   a - +0 spear
rCold   + . .      Faith    .   (no shield)
rNeg    . . .      Spirit   .   m - +0 robe
rPois   +          Reflect  .   (no helmet)
rElec   +          Harm     .   (no cloak)
rCorr   +          Rampage  .   (no gloves)
Will    .....                   (no boots)
Stlth   +.........              (no amulet)
HPRegen 0.10/turn               (no ring)
MPRegen 0.09/turn               (no ring)

@: lethally poisoned (0 -> -8), resistant, hasted, very quick
A: (nimble swimmer 2), mertail
a: no special abilities


You were on level 2 of the Dungeon.
You visited 1 branch of the dungeon, and saw 2 of its levels.

You collected 44 gold pieces.
You spent 44 gold pieces at shops.

Inventory:

Hand Weapons
 a - a +0 spear (weapon)
 h - a +0 club
Missiles
 b - 7 javelins
 c - 3 throwing nets
 d - 3 curare-tipped darts
 n - 2 poisoned darts (quivered)
Armour
 m - a +0 robe (worn)
Scrolls
 e - 2 scrolls of enchant weapon {unknown}
 f - a scroll of immolation {unknown}
 g - a scroll of fog {unknown}
 i - a scroll of fear {unknown}
Potions
 l - a potion of curing {unknown}


   Skills:
 - Level 1.1 Fighting
 + Level 1.4 Polearms
 - Level 4.1 Throwing
 - Level 2.6 Dodging
 - Level 1.0 Spellcasting
 - Level 3.0 Hexes


You had 4 spell levels left.
You knew the following spells:

 Your Spells              Type           Power      Damage    Failure   Level
a - Slow                  Hex            28%        N/A       9%          1

Your spell library contained the following spells:

 Spells                   Type           Power      Damage    Failure   Level
 Inner Flame              Hex/Fire       4%         N/A       43%         3
 Portal Projectile        Hex/Tloc       8%         N/A       43%         3
 Cause Fear               Hex            3%         N/A       65%         4


Dungeon Overview and Level Annotations

Branches:
Dungeon (2/15)

Altars:

Shops:
D:2 *


Innate Abilities, Weirdness & Mutations

((You are very nimble when in or above water. (Stealth+, EV+, Speed+++)))
Your lower body shifts to a powerful aquatic tail in water.


Message History

You hit the adder.
The adder is severely wounded.
You feel sick. The adder bites you.
You are more poisoned.
The adder poisons you! The adder misses you.
You barely miss the adder.
The adder is severely wounded.
You feel sick. The adder barely misses you.
You barely miss the adder.
The adder is severely wounded.
You feel sick. The adder bites you.
You are more poisoned.
The adder poisons you! The adder bites you but does no damage.
You closely miss the adder.
The adder is severely wounded.
You feel very sick. The adder misses you.
You are too injured to fight recklessly!
You are too injured to fight recklessly!
You are too injured to fight recklessly!
Throw: 3 darts (poison)
Press: ? - help, Q - select action, (/) - cycle Shift-Dir - straight line, f - adder
Aim: an adder (severely wounded, 42% to hit)
You throw a poisoned dart. The poisoned dart hits the adder.
The adder is poisoned.
The adder is severely wounded.
You feel sick. The adder bites you.
* * * LOW HITPOINT WARNING * * *
You are more poisoned.
The adder poisons you!
* * * LOW HITPOINT WARNING * * *
You feel very sick.
You kill the adder!
Your Polearms skill increases to level 1!
It was a potion of haste.
You feel yourself speed up.
* * * LOW HITPOINT WARNING * * *
You feel sick.
It was a potion of resistance.
You feel protected.
You die...

. ......#.###
.######.#.# ... ..#.#
..# ###.# #.# #.# #.#
##.###### #
#####.#####........
#.##.........#..######
#....@...###..#..#
####.##### ##.....#
#....(...# ##>..##
#.###.##.# ##.## #.# #
#.# #.# #.# #.# #+#
... #.#


There were no monsters in sight!

Vanquished Creatures
  3 gnolls (D:2)
  An adder (D:2)
  A dart slug (D:1)
  3 ball pythons
  An endoplasm (D:2)
  2 giant cockroaches (D:1)
  A goblin (D:2)
  2 hobgoblins (D:1)
  3 jackals (D:1)
  2 quokkas (D:1)
  A bat (D:2)
  2 frilled lizards (D:1)
  2 kobolds (D:1)
  2 rats
26 creatures vanquished.

Notes
Turn   | Place    | Note
-------+----------+-------------------------------------------
     0 | D:1      | SnakkuSnakku7 the Merfolk Arcane Marksman began the quest
                  | for the Orb.
     0 | D:1      | Reached XP level 1. HP: 15/15 MP: 2/2
   372 | D:1      | Reached XP level 2. HP: 14/21 MP: 3/3
   595 | D:1      | Reached skill level 3 in Throwing
  1511 | D:2      | Reached XP level 3. HP: 19/26 MP: 4/4
  1612 | D:2      | Found Jasux's Assorted Antiques.
  1621 | D:2      | Bought a fizzy coppery potion for 22 gold pieces
  1642 | D:2      | Bought a golden potion for 22 gold pieces
  1693 | D:2      | Reached skill level 4 in Throwing
  1754 | D:2      | Reached XP level 4. HP: 32/32 MP: 5/5
  1768 | D:2      | Reached skill level 1 in Polearms
  1769 | D:2      | Succumbed to an adder's poison

Illustrated notes

Levels and vault maps discovered:
D:1:      evilmike_arrival_hilbert_curve, layout_basic
D:2:      cheibrodos_pilgrimage, layout_loops_corners, serial_shops,
          nicolae_diamond_shop

Skill      XL: |  1  2  3  4 |
---------------+-------------+-----
Throwing       | 3 4 |  4.1
Polearms       | 1 |  1.4
Fighting       | |  1.1
Dodging        | |  2.6
Spellcasting   | |  1.0
Hexes          | |  3.0

Action                   |  1- 3 |  4- 6 || total
-------------------------+-------+-------++-------
Melee: Unarmed           |    65 |       ||    65
       Club              |    46 |       ||    46
       Punch             |     2 |       ||     2
       Spear             |     3 |     8 ||    11
Throw: Javelin           |     9 |       ||     9
       Dart              |       |     1 ||     1
  Use: Potion            |       |     2 ||     2
 Stab: Sleeping          |       |     1 ||     1
Armor: Robe              |    15 |     1 ||    16
Dodge: Dodged            |    93 |     6 ||    99
